 Dungeon Crawl Stone Soup version 0.13-a0-2531-g2ad9301 (webtiles) character file.

347 Rycklaryybbe the Changer (level 4, -2/35 HPs)
             Began as a Demigod Transmuter on July 26, 2013.
             Killed by divine providence
             ... invoked by an orc priest
              (10 damage)
             ... on Level 3 of the Dungeon.
             The game lasted 00:07:52 (2858 turns).

Rycklaryybbe the Changer (Demigod Transmuter)       Turns: 2858, Time: 00:07:53

HP  -2/35        AC  2     Str 13      XL: 4   Next: 94%
MP   6/9         EV 22     Int 17      God:
Gold 189         SH  0     Dex 24      Spells:  2 memorised,  2 levels left

Res.Fire  : . . .   See Invis. : .     - Unarmed
Res.Cold  : . . .   Warding    : .   c - melded +0 robe
Life Prot.: . . .   Conserve   : .   (shield currently unavailable)
Res.Poison: x       Res.Corr.  : .   (helmet currently unavailable)
Res.Elec. : .       Clarity    : +   (cloak currently unavailable)
Sust.Abil.: . .     Spirit.Shd : .   (gloves currently unavailable)
Res.Mut.  : .       Stasis     : .   w - melded +0 pair of boots
Res.Rott. : .       Flight     : .   x - amulet of clarity {unknown}
Saprovore : . . .                    (no ring)
                                     j - +2 ring of evasion

@: spider-form (expiring), quick, slightly resistant to hostile enchantments,
fairly stealthy
A: no striking features
a: End Transformation


You were on level 3 of the Dungeon.
You were hungry.
You were in spider-form.
You visited 1 branch of the dungeon, and saw 3 of its levels.

You collected 169 gold pieces.

Inventory:

Missiles
 b - 38 arrows
 p - 12 arrows of frost
Armour
 c - a +0 robe (melded)
 u - a +0 pair of boots
 w - a +0 pair of boots (melded)
Comestibles
 a - 4 bread rations
 g - a royal jelly
 m - a slice of pizza
 t - 2 rotting chunks of quokka flesh
 A - 2 rotting chunks of goblin flesh
Scrolls
 e - a scroll of curse jewellery {unknown}
 h - a scroll of curse armour {unknown}
 l - a scroll of blinking {unknown}
 v - 2 scrolls of identify {unknown}
 y - a scroll of random uselessness {unknown}
 z - a scroll of remove curse {unknown}
Jewellery
 j - a +2 ring of evasion (left front leg)
 q - an uncursed amulet of conservation {unknown}
 s - an uncursed amulet of faith {unknown}
 x - an amulet of clarity (around neck) {unknown}
Potions
 f - a potion of agility {unknown}
 i - 6 potions of heal wounds {unknown}
 k - a potion of might {unknown}
 n - a potion of restore abilities {unknown}
 r - a potion of cure mutation {unknown}
Books
 d - a book of Changes

   Spells                             Type                      Level
   *Beastly Appendage                 Transmutation                1
   Sticks to Snakes                   Transmutation                2
   *Spider Form                       Transmutation/Poison         3
   Ice Form                           Ice/Transmutation            4
   Blade Hands                        Transmutation                5


   Skills:
 - Level 0.8 Fighting
 - Level 1.7 Dodging
 + Level 3.3 Unarmed Combat
 - Level 1.7 Spellcasting
 + Level 4.2 Transmutations
 - Level 1.0 Poison Magic


You had 2 spell levels left.
You knew the following spells:

 Your Spells              Type           Power        Failure   Level  Hunger
a - Beastly Appendage     Trmt           ###...       12%         1    #......
b - Spider Form           Trmt/Pois      ##........   41%         3    ####...


Dungeon Overview and Level Annotations

Branches:
Dungeon (3/27)

Annotations
D:2 1 exclusion
D:3 exclusion: player ghost, onwiheg's ghost, average DjFi


Message History

You closely miss the orc.
The orc is heavily wounded.
The orc completely misses you.
You hit the orc.
You kill the orc!
You hear some strange, mumbled words.
The puff of flame misses you.
You hear some strange, mumbled words.
The magic dart hits you!
* * * LOW HITPOINT WARNING * * *
You hit it. It completely misses you.
You bite it!
Reactivating autopickup.
You feel a bit more experienced.
Your transformation is almost over.
Things that are here:
an orcish dagger; an orcish robe The orc priest calls down the wrath of Beogh upon you.
Something smites you!
You die...

......####......................#
##............................(.#
####...........................#
######..........................#
................................#
.........########################
.....<...#
.........########################
..........%.....s...............#
#####................)..........#
#..###########..#############
#..# #o.# #..###########..#
#####...............#######
...................).......
...o.............##########
##############...#


You could see an orc priest.

Vanquished Creatures
  A worker ant (D:3)
  An orc wizard (D:3)
  4 adders
  2 worms (D:2)
  A giant gecko (D:3)
  4 orcs (D:3)
  4 goblins
  6 hobgoblins
  6 jackals
  4 kobolds
  A ball python (D:2)
  6 bats
  5 giant cockroaches
  3 giant newts
  4 quokkas
  9 rats
61 creatures vanquished.

Notes
Turn   | Place    | Note
--------------------------------------------------------------
     0 | D:1      | Rycklaryybbe, the Demigod Transmuter, began the quest for the Orb.
     0 | D:1      | Reached XP level 1. HP: 16/16 MP: 3/3
   260 | D:1      | Reached skill level 3 in Unarmed Combat
   469 | D:1      | Reached XP level 2. HP: 14/23 MP: 2/4
  1040 | D:2      | Reached XP level 3. HP: 24/28 MP: 5/7
  1045 | D:2      | Learned a level 3 spell: Spider Form
  2032 | D:2      | Reached skill level 1 in Poison Magic
  2238 | D:3      | Reached XP level 4. HP: 33/35 MP: 7/9
  2501 | D:3      | Reached skill level 4 in Transmutations
  2641 | D:3      | Noticed onwiheg's ghost (average DjFi)
  2858 | D:3      | Killed from afar by an orc priest

Action                   |  1- 3 |  4- 6 || total
-------------------------+-------+-------++-------
Melee: Unarmed           |   131 |    58 ||   189
 Cast: Beastly Appendage |    27 |     7 ||    34
       Spider Form       |       |     4 ||     4
 Abil: End Transformatio |       |     1 ||     1
 Stab: Sleeping          |     1 |     1 ||     2
